[Event "Team 45 45 League T41"]
[Site "Internet Chess Club"]
[Date "2009.05.16"]
[Round "3"]
[White "smsxman"]
[Black "slipkid"]
[Result "1-0"]
[WhiteElo "1453"]
[BlackElo "1471"]
[Opening "Pirc: classical system, 5.Be2"]
[ECO "B08"]
[Time "14:00:15"]
[TimeControl "2700+45"]

1. e4 d6 2. d4 Nf6 3. Nc3 g6 4. Nf3 Bg7 5. Be2 c5 6. e5 dxe5 7. dxe5 Qxd1+ 8.
Bxd1 Ng4 9. Nd5 Kd7 10. O-O Nxe5 11. Bf4 Nbc6 12. Re1 e6 13. Nxe5+ Nxe5 14. Nc3
Nc6 15. Bf3 Nd4 16. Rad1 Ke7 17. Be4 e5 18. Nd5+ Kd6 19. Bg3 Be6 20. Ne3 Ke7 21.
b3 Rab8 22. c3 Nf5 23. Bxf5 gxf5 24. c4 Rhd8 25. Nd5+ Kf8 26. Bxe5 Bxe5 27. Rxe5
Kg7 28. Rde1 b5 29. Ne7 bxc4 30. bxc4 Rb7 31. Nxf5+ Bxf5 32. Rxf5 Rc8 33. h3
Rcc7 34. Ree5 Rb4 35. Rxc5 Rxc4 36. Rxc7 Rxc7 37. Ra5 Kg6 38. g3 h6 39. Kg2 f6
40. h4 Kg7 41. f4 Kg6 42. Kh3 f5 43. a4 Kf6 44. h5 Rg7 45. Ra6+ Kf7 46. Rxh6 Kg8
47. Rf6 Rb7 48. Rxf5 Rb4 49. a5 Ra4 50. Kh4 Rb4 51. Kg5 a6 52. g4 Kg7 53. h6+
Kh7 54. Kh5 Rb5 55. Rxb5 axb5 56. a6 b4 57. a7 b3 58. a8=Q b2 59. Qa2 {Black
resigns} 1-0

[Event "Team 45 45 League T41"]
[Site "Internet Chess Club"]
[Date "2009.05.16"]
[Round "3"]
[White "MRuperez"]
[Black "MRX"]
[Result "1-0"]
[WhiteElo "2305"]
[BlackElo "1712"]
[Opening "QGD: Albin counter-gambit, 5.g3"]
[ECO "D09"]
[Time "18:02:33"]
[TimeControl "2700+45"]

1. d4 d5 2. c4 e5 3. dxe5 d4 4. Nf3 Nc6 5. g3 Bg4 6. Nbd2 Qd7 7. Bg2 Nge7 8. h3
Bh5 9. O-O O-O-O 10. Re1 Kb8 11. b4 Bxf3 12. Nxf3 Ng6 13. Rb1 Ngxe5 14. Nxe5
Nxe5 15. c5 d3 16. exd3 Nxd3 17. Qf3 Qc8 18. Re3 Nxc1 19. Rxc1 f6 20. a4 h5 21.
a5 h4 22. a6 b6 23. Qa8# {Black checkmated} 1-0

[Event "Team 45 45 League T41"]
[Site "Internet Chess Club"]
[Date "2009.05.17"]
[Round "3"]
[White "NFK"]
[Black "Morovon23"]
[Result "0-1"]
[WhiteElo "1723"]
[BlackElo "2135"]
[Opening "Scandinavian defense"]
[ECO "B01"]
[Time "14:00:11"]
[TimeControl "2700+45"]

1. e4 d5 2. exd5 Nf6 3. Bb5+ Bd7 4. Bc4 b5 5. Bb3 a5 6. a4 bxa4 7. Bxa4 Nxd5 8.
Nf3 e6 9. O-O Bd6 10. d4 Bxa4 11. Rxa4 O-O 12. c4 Nb6 13. Ra1 Nxc4 14. Nc3 Nc6
15. Qd3 Nb6 16. Ng5 g6 17. Qh3 h5 18. g4 Nxd4 19. gxh5 Qf6 20. Nce4 Qh8 21. h6
Nd5 22. h7+ Kg7 23. Nxe6+ fxe6 24. Bh6+ Kf7 25. Ng5+ Ke7 26. Bxf8+ Rxf8 27. Rxa5
Nf4 28. Qh4 Nf5 29. Rxf5 Rxf5 30. Ne4+ Kd7 31. Nxd6 cxd6 32. Ra1 Rg5+ 33. Kf1
Qe5 34. Ra7+ Kc6 35. Ra6+ Kb7 {White resigns} 0-1

[Event "Team 45 45 League T41"]
[Site "Internet Chess Club"]
[Date "2009.05.17"]
[Round "3"]
[White "dpawn"]
[Black "Egmont"]
[Result "1-0"]
[WhiteElo "1913"]
[BlackElo "1701"]
[Opening "QGD Slav: Dutch variation"]
[ECO "D18"]
[Time "12:03:55"]
[TimeControl "2700+45"]

1. d4 d5 2. Nf3 Nf6 3. c4 c6 4. Nc3 dxc4 5. a4 Bf5 6. e3 e6 7. Bxc4 Bb4 8. Qb3
Qe7 9. O-O O-O 10. Na2 Ba5 11. Ne5 Bb6 12. Bd2 Nbd7 13. a5 Bc7 14. Qxb7 Bxe5 15.
dxe5 Nd5 16. f4 Rfb8 17. Qxc6 Rc8 18. Qa4 Nc5 19. Qa3 Be4 20. Rfc1 Nd3 21. Bxd3
Qxa3 22. bxa3 Bxd3 23. Nb4 Be4 24. Kf2 Rd8 25. Nc6 Rdc8 26. Nxa7 Rcb8 27. Nc6
Rb2 28. Ke1 Bxg2 29. Rab1 Ra2 30. Rb4 Rxa3 31. Rb7 Be4 32. Rc4 Ra1+ 33. Kf2 Bg6
34. e4 Ra2 35. Ke1 Ra1+ 36. Ke2 Bh5+ 37. Kd3 Ra3+ 38. Kd4 Ra2 39. Bc1 Be2 40.
exd5 Bxc4 41. d6 Kf8 42. d7 Bd5 43. Rc7 Ra4+ 44. Kd3 Bc4+ 45. Kc3 Ba6 46. Kb3
Rc4 47. Ba3+ {Black resigns} 1-0

[Event "Team 45 45 League T41"]
[Site "Internet Chess Club"]
[Date "2009.05.17"]
[Round "3"]
[White "frank001"]
[Black "Despair"]
[Result "0-1"]
[WhiteElo "1955"]
[BlackElo "1958"]
[Opening "Alekhine's defense: modern variation, 4...Bg4"]
[ECO "B05"]
[Time "22:00:20"]
[TimeControl "2700+45"]

1. e4 Nf6 2. e5 Nd5 3. d4 d6 4. Nf3 Bg4 5. Be2 Nc6 6. c4 Nb6 7. exd6 exd6 8. O-O
g6 9. d5 Bxf3 10. Bxf3 Ne5 11. Be2 Bg7 12. f4 Ned7 13. f5 O-O 14. fxg6 fxg6 15.
Nc3 Rxf1+ 16. Qxf1 Qh4 17. Be3 Be5 18. h3 Rf8 19. Bf3 Qg3 20. Rc1 Qh2+ 21. Kf2
Qg3+ 22. Ke2 Nxc4 23. Ne4 Nxe3 24. Nxg3 Nxf1 25. Nxf1 Nc5 26. b4 Na6 27. Rc4 Rf4
28. Rxf4 Bxf4 29. a3 b5 30. Kd3 Bc1 31. Bg4 Bxa3 32. Be6+ Kg7 33. Ne3 Nxb4+ 34.
Kc3 a5 35. Kb3 Bc1 36. Ng4 h5 37. Nf2 c5 38. Ne4 a4+ 39. Kc3 a3 {White resigns}
0-1

[Event "Team 45 45 League T41"]
[Site "Internet Chess Club"]
[Date "2009.05.21"]
[Round "3"]
[White "matein7"]
[Black "Intelectual"]
[Result "1-0"]
[WhiteElo "1881"]
[BlackElo "1874"]
[Opening "King's Indian: orthodox, Aronin-Taimanov variation (Yugoslav attack / Mar del Plata variation)"]
[ECO "E97"]
[Time "09:30:15"]
[TimeControl "2700+45"]

1. d4 Nf6 2. c4 g6 3. Nc3 Bg7 4. e4 d6 5. Nf3 O-O 6. Be2 e5 7. O-O Nc6 8. dxe5
dxe5 9. Qxd8 Rxd8 10. Bg5 Re8 11. Rfd1 Bg4 12. Nd5 Nxe4 13. Be3 Rac8 14. b4 a6
15. Rac1 Ne7 16. a4 c6 17. Nxe7+ Rxe7 18. Bb6 Nf6 19. Rd6 Nd7 20. c5 Nxb6 21.
cxb6 f5 22. h3 Bh5 23. g4 fxg4 24. Nd2 Rf8 25. hxg4 Bxg4 26. Bxg4 Rf4 27. Be6+
Kf8 28. Rd8+ Re8 29. Rxe8+ Kxe8 30. Bc8 Rxb4 31. a5 Ra4 32. Bxb7 Rxa5 33. Bxc6+
Kd8 34. Be4 Rb5 35. b7 {Black resigns} 1-0

[Event "Team 45 45 League T41"]
[Site "Internet Chess Club"]
[Date "2009.05.16"]
[Round "3"]
[White "cesaralexander"]
[Black "fishhead"]
[Result "1-0"]
[WhiteElo "2008"]
[BlackElo "1938"]
[Opening "King's Indian: Four pawns attack"]
[ECO "E76"]
[Time "22:10:50"]
[TimeControl "2700+45"]

1. d4 Nf6 2. c4 g6 3. Nc3 Bg7 4. e4 d6 5. f4 O-O 6. Nf3 Nbd7 7. Be2 c6 8. e5 Ne8
9. O-O Nc7 10. a4 a5 11. Be3 f5 12. Qe1 h6 13. Qg3 Kh7 14. Qh4 Rh8 15. Rad1 Nf8
16. exd6 Qxd6 17. c5 Qf6 18. Qh3 e6 19. Bf2 Nd5 20. Nxd5 exd5 21. Rfe1 Ne6 22.
Be3 Bd7 23. Ne5 Rad8 24. Rd3 Bc8 25. b4 axb4 26. Rb3 Rhe8 27. Rxb4 Nf8 28. Bf2
Nd7 29. Bh4 Qf8 30. Bxd8 Rxd8 31. Qg3 Nxe5 32. fxe5 Qe7 33. Bd3 Rf8 34. h4 Qe6
35. Rf1 Rf7 36. Qf3 Kh8 37. g4 f4 38. h5 Qxg4+ 39. Qxg4 Bxg4 40. Bxg6 Re7 41.
Rxf4 Bc8 42. a5 Kg8 43. a6 bxa6 44. Rb8 Rc7 45. e6 Bf8 46. Rf7 {Black resigns}
1-0

[Event "Team 45 45 League T41"]
[Site "Internet Chess Club"]
[Date "2009.05.15"]
[Round "3"]
[White "playwaycool"]
[Black "natethegreat"]
[Result "1-0"]
[WhiteElo "2060"]
[BlackElo "1858"]
[Opening "Trompowsky attack (Ruth, Opocenský opening)"]
[ECO "A45"]
[Time "18:01:41"]
[TimeControl "2700+45"]

1. d4 Nf6 2. Bg5 Ne4 3. Bf4 g5 4. Be5 Rg8 5. Qd3 d5 6. f3 Nf6 7. Bxf6 exf6 8.
Qxh7 Rg7 9. Qd3 Nc6 10. c3 Be6 11. Nd2 Qd7 12. e4 O-O-O 13. Ne2 dxe4 14. fxe4
Ne5 15. Qc2 Ng4 16. d5 Ne3 17. Qd3 Nxf1 18. Nxf1 f5 19. Qc2 Bxd5 20. exd5 f4 21.
O-O-O Qg4 22. Qe4 f5 23. h3 fxe4 24. hxg4 Rgd7 25. c4 Bc5 26. Nc3 e3 27. Nh2 Re7
28. Nf3 Rde8 29. Rh5 e2 30. Rdh1 e1=Q+ 31. Rxe1 Rxe1+ 32. Nxe1 Rxe1+ 33. Kd2 Re5
34. a3 a5 35. Kd3 Re3+ 36. Kd2 Be7 37. Ne2 Rb3 38. Kc2 Re3 39. Kd2 Rb3 40. Kc1
Re3 41. Kd1 Rb3 42. Kc1 Re3 43. Nd4 Re1+ 44. Kc2 Rg1 45. Rh2 Bf6 46. Nf3 Rf1 47.
Kd3 b6 48. Ke4 Kb7 49. Rh7 Rf2 50. d6 Bd8 51. dxc7 Bxc7 52. Nxg5 Re2+ 53. Kf5
Kc8 54. Ne6 Bd6 55. g5 Rxg2 56. g6 f3 57. Rh3 f2 58. Rf3 Bc5 59. g7 Be3 60. Ke4
Bh6 61. Rxf2 Rg4+ 62. Kf5 Rg1 63. Kf6 {Black resigns} 1-0

[Event "Team 45 45 League T41"]
[Site "Internet Chess Club"]
[Date "2009.05.14"]
[Round "3"]
[White "avila"]
[Black "Holzschlange"]
[Result "1-0"]
[WhiteElo "1793"]
[BlackElo "1893"]
[Opening "Sicilian defense"]
[ECO "B41"]
[Time "17:02:54"]
[TimeControl "2700+45"]

1. e4 c5 2. Nf3 e6 3. d4 cxd4 4. Nxd4 Bc5 5. Nb3 Bb6 6. Nc3 Ne7 7. Bc4 O-O 8.
Bg5 Nbc6 9. Qd2 Ne5 10. Be2 f6 11. Bf4 N5g6 12. Bg3 f5 13. Bd6 fxe4 14. Nxe4 Nh4
15. Qg5 Nhf5 16. Ba3 d5 17. Nec5 Qc7 18. O-O-O Nd6 19. Bg4 Nef5 20. Be2 Nc4 21.
Nd3 Nxa3 22. bxa3 Qd6 23. Kb2 Bd8 24. Qd2 Bf6+ 25. c3 Be7 26. g4 Qxa3+ 27. Ka1
Nd6 28. Qb2 Ne4 29. f3 Qxb2+ 30. Kxb2 Nd6 31. Ne5 Bf6 32. f4 Ne4 33. Rhf1 g5 34.
Nd4 gxf4 35. Nd3 e5 36. Nb5 Ng5 37. Nc7 Rb8 38. Nxd5 f3 39. Bxf3 e4 40. Nxf6+
Rxf6 41. Bxe4 Nxe4 42. Rxf6 Nxf6 43. g5 Ne4 44. Ne5 Bf5 45. h4 Kg7 46. Rf1 Be6
47. Rf4 Nc5 48. h5 Re8 49. h6+ Kg8 50. Ka3 Bxa2 51. Ng4 Re2 52. Nf6+ Kh8 53. Rd4
Ne6 54. Rd7 Bb1 55. Re7 Bg6 56. Rxb7 Nxg5 57. Rb8+ Be8 58. Nxe8 Kg8 59. Nd6+
{Black resigns} 1-0

[Event "Team 45 45 League T41"]
[Site "Internet Chess Club"]
[Date "2009.05.16"]
[Round "3"]
[White "vollmerj"]
[Black "Caminator"]
[Result "1-0"]
[WhiteElo "1702"]
[BlackElo "1810"]
[Opening "Ruy Lopez: Marshall counter-attack, 11...c6"]
[ECO "C89"]
[Time "12:03:41"]
[TimeControl "2700+45"]

1. e4 e5 2. Nf3 Nc6 3. Bb5 a6 4. Ba4 Nf6 5. O-O Be7 6. Re1 b5 7. Bb3 O-O 8. c3
d5 9. exd5 Nxd5 10. Nxe5 Nxe5 11. Rxe5 c6 12. Bxd5 cxd5 13. d4 Bd6 14. Re1 Qh4
15. g3 Qh3 16. Qf3 Rb8 17. Nd2 Kh8 18. Nf1 f5 19. Qg2 Qh5 20. f4 Bb7 21. Bd2 Rg8
22. Qe2 Qh3 23. Qg2 Qh6 24. Qe2 Qf6 25. Qe6 Qf8 26. Re2 Bc6 27. Qe3 Re8 28. Qf2
Rxe2 29. Qxe2 Qf6 30. Re1 Re8 31. Qf2 Rg8 32. Qe3 Bd7 33. Qf3 Be6 34. Ne3 g5 35.
fxg5 Qxg5 36. Nf1 Qg6 37. Bf4 Bf8 38. Be5+ Bg7 39. Qe3 Re8 40. Bxg7+ Qxg7 41.
Qe5 Qxe5 42. Rxe5 Kg7 43. Ne3 Kf6 44. Kf2 Rd8 45. Ng2 Bf7 46. Ne3 Be6 47. Kf3
Rg8 48. Nxd5+ Kf7 49. Nb4 a5 50. Nd3 Bxa2 51. Rxb5 Bb1 52. Ne5+ Ke6 53. Rxa5
Be4+ 54. Kf2 Rb8 55. b4 Rf8 56. c4 f4 57. Ra6+ Ke7 58. gxf4 Rxf4+ 59. Ke3 Rh4
60. b5 Bf5 61. Nf3 Re4+ 62. Kf2 Bg4 63. Ra7+ Kd8 64. Ne5 Be6 65. Nc6+ Kc8 66.
Rxh7 Bd7 67. Rh8+ Kc7 68. Rh7 Kc8 69. Ne5 Bf5 70. Rh8+ Kc7 71. Rf8 Bd7 72. Rf7
Rxd4 73. Rxd7+ Rxd7 74. Nxd7 Kxd7 75. h4 Ke7 76. c5 Ke6 77. b6 Kd7 78. h5 Kc6
79. h6 Kxc5 80. b7 Kd6 81. b8=Q+ Ke6 82. h7 Kf5 83. h8=Q Ke4 84. Qhe8+ Kf5 85.
Qbb5+ Kf6 86. Qec6+ Kg7 87. Qbb7+ Kh8 88. Qcc8# {Black checkmated} 1-0

[Event "Team 45 45 League T41"]
[Site "Internet Chess Club"]
[Date "2009.05.16"]
[Round "3"]
[White "soccerisfun"]
[Black "badmove"]
[Result "1/2-1/2"]
[WhiteElo "1459"]
[BlackElo "1572"]
[Opening "Two knights defense (Modern bishop's opening)"]
[ECO "C55"]
[Time "16:03:45"]
[TimeControl "2700+45"]

1. e4 e5 2. Nf3 Nc6 3. Bc4 Nf6 4. d3 Be7 5. Nc3 d6 6. Be3 Bg4 7. Qd2 Na5 8. Bb3
Nxb3 9. axb3 h6 10. h3 Bh5 11. O-O-O c6 12. g4 Bg6 13. Rdg1 Qa5 14. Kb1 Nd7 15.
g5 hxg5 16. Bxg5 Bxg5 17. Nxg5 O-O-O 18. h4 d5 19. exd5 cxd5 20. Nce4 Qxd2 {Game
drawn by mutual agreement} 1/2-1/2

[Event "Team 45 45 League T41"]
[Site "Internet Chess Club"]
[Date "2009.05.17"]
[Round "3"]
[White "chess92192"]
[Black "Knight77"]
[Result "1/2-1/2"]
[WhiteElo "1989"]
[BlackElo "1919"]
[Opening "QGD semi-Slav: Stoltz variation"]
[ECO "D45"]
[Time "16:30:09"]
[TimeControl "2700+45"]

1. d4 e6 2. c4 d5 3. e3 Nf6 4. Nc3 Nbd7 5. Nf3 c6 6. Qc2 Bd6 7. Bd2 O-O 8. Rc1
Qe7 9. a3 e5 10. dxe5 Nxe5 11. Nxe5 Qxe5 12. cxd5 Nxd5 13. Bd3 h5 14. Ne4 Bc7
15. Bc3 Nxc3 16. Qxc3 Rd8 17. Ke2 Qd5 18. Rhd1 Be5 19. Qc2 Bf5 20. f3 Bxe4 21.
Bxe4 Qb5+ 22. Kf2 Qxb2 23. f4 Qxc2+ 24. Bxc2 Bd6 25. a4 Bc5 26. Kf3 Kf8 27. Be4
Bb4 28. h3 Ke7 29. g4 hxg4+ 30. hxg4 Rh8 31. Rc4 a5 32. Rcd4 Rhd8 {Game drawn by
mutual agreement} 1/2-1/2

[Event "Team 45 45 League T41"]
[Site "Internet Chess Club"]
[Date "2009.05.15"]
[Round "3"]
[White "CHESSISTA1"]
[Black "SilverBlade"]
[Result "1-0"]
[WhiteElo "1678"]
[BlackElo "1717"]
[Opening "English opening"]
[ECO "A22"]
[Time "10:00:10"]
[TimeControl "2700+45"]

1. c4 e5 2. Nc3 Nf6 3. Nf3 e4 4. Ng5 d5 5. cxd5 Nxd5 6. Ngxe4 Bf5 7. d3 Bb4 8.
Bd2 Nxc3 9. Bxc3 Bxc3+ 10. Nxc3 Nc6 11. g3 Qd7 12. Bg2 O-O-O 13. h4 h6 14. Qa4
Kb8 15. Bxc6 Qxc6 16. Qxc6 bxc6 17. Na4 Rhe8 18. Kd2 Rd5 19. Rac1 Bg4 20. f3 Bd7
21. Nc5 Bc8 22. b4 a5 23. bxa5 Ree5 24. Nb3 Rd6 25. Rc5 Ree6 26. Rhc1 Ba6 27.
R1c3 Bb5 28. e4 Rf6 29. e5 {Black resigns} 1-0

[Event "Team 45 45 League T41"]
[Site "Internet Chess Club"]
[Date "2009.05.16"]
[Round "3"]
[White "superplayer"]
[Black "cocou"]
[Result "1-0"]
[WhiteElo "1835"]
[BlackElo "1641"]
[Opening "Queen's pawn game"]
[ECO "D04"]
[Time "20:03:34"]
[TimeControl "2700+45"]

1. d4 d5 2. Nf3 Nf6 3. e3 Bf5 4. c4 e6 5. Nc3 c6 6. Qb3 Qb6 7. Qxb6 axb6 8. cxd5
exd5 9. Be2 Be7 10. Bd2 O-O 11. O-O Nbd7 12. Ne1 Bg4 13. Bxg4 Nxg4 14. Nd3 Bd6
15. h3 Ngf6 16. f3 Rfe8 17. Rfe1 Bc7 18. e4 Nf8 19. b4 dxe4 20. fxe4 Nxe4 21.
Nxe4 {Black resigns} 1-0

[Event "Team 45 45 League T41"]
[Site "Internet Chess Club"]
[Date "2009.05.16"]
[Round "3"]
[White "Kravier"]
[Black "John3v16"]
[Result "1-0"]
[WhiteElo "1686"]
[BlackElo "1670"]
[Opening "Queen's bishop game"]
[ECO "D02"]
[Time "23:30:07"]
[TimeControl "2700+45"]

1. Nf3 d5 2. d4 Nf6 3. Bf4 e6 4. e3 c5 5. c4 cxd4 6. exd4 Nc6 7. Nc3 Be7 8. c5
O-O 9. Bb5 Bd7 10. Bxc6 Bxc6 11. O-O b6 12. b4 Nh5 13. Be3 bxc5 14. bxc5 g6 15.
Ne5 Bb7 16. Bh6 Ng7 17. c6 Ba6 18. Re1 Qa5 19. Rc1 Bb4 20. Bd2 f6 21. Nd7 Rf7
22. a3 Bxc3 23. Rxc3 Bc4 24. Rxc4 Qxa3 25. Rc5 Rc8 26. Re3 Qa6 27. Rec3 Nf5 28.
Bf4 Ne7 29. Nb8 Qb6 30. Rb3 Qd8 31. c7 Rxc7 32. Bxc7 Qe8 33. Ra3 Nf5 34. Rxa7
Qb5 35. Rxb5 {Black resigns} 1-0

[Event "Team 45 45 League T41"]
[Site "Internet Chess Club"]
[Date "2009.05.16"]
[Round "3"]
[White "andrew0311"]
[Black "CKNIGHT3"]
[Result "0-1"]
[WhiteElo "1397"]
[BlackElo "1494"]
[Opening "Sicilian: Alapin's variation (2.c3)"]
[ECO "B22"]
[Time "19:31:48"]
[TimeControl "2700+45"]

1. e4 c5 2. c3 d6 3. d4 cxd4 4. cxd4 Nc6 5. Nf3 Nf6 6. Nc3 Bg4 7. h3 Bxf3 8.
gxf3 g6 9. Bf4 Bg7 10. Be3 O-O 11. Qd2 a6 12. Be2 Qd7 13. Bh6 Bxh6 14. Qxh6 Nxd4
15. O-O-O Nxe2+ 16. Nxe2 Rac8+ 17. Nc3 b5 18. Kb1 b4 19. Ne2 Qb5 20. Qe3 d5 21.
Nd4 Qe8 22. Nc2 dxe4 23. Nxb4 Qb5 24. Nc2 exf3 25. Qxe7 Qf5 26. Rc1 Ne4 27. Qa7
Nd2+ 28. Ka1 Rxc2 29. Rxc2 Qxc2 30. Qxa6 Rc8 31. a3 Rb8 32. Qf6 Nb3+ 33. Ka2 Qc4
34. Qc3 Qxc3 35. bxc3 Nd2 36. Rd1 Ne4 37. Rf1 Nxc3+ 38. Ka1 h5 39. Rc1 Ne4 40.
Rc2 g5 41. a4 Ra8 42. Ra2 Nc3 43. Ra3 Nxa4 44. Rxf3 g4 45. hxg4 hxg4 46. Rg3 f5
47. Kb1 Nc5 48. Kc2 Ne4 49. Rg2 Ra2+ 50. Kd3 Rxf2 51. Rxf2 Nxf2+ 52. Ke3 Nh3 53.
Ke2 f4 54. Kf1 f3 55. Ke1 g3 56. Kf1 g2+ 57. Ke1 g1=Q+ 58. Kd2 Qc5 59. Kd3 Nf2+
60. Kd2 Qd4+ 61. Kc1 Nd3+ 62. Kd2 f2 63. Ke2 Qe4+ 64. Kd2 f1=R 65. Kc3 Rc1+ 66.
Kd2 Rc8 67. Kd1 Qe1# {White checkmated} 0-1

[Event "Team 45 45 League T41"]
[Site "Internet Chess Club"]
[Date "2009.05.17"]
[Round "3"]
[White "DrOMM"]
[Black "Nikhil03"]
[Result "0-1"]
[WhiteElo "1318"]
[BlackElo "1519"]
[Opening "two knights defense"]
[ECO "C58"]
[Time "15:00:53"]
[TimeControl "2700+45"]

1. e4 e5 2. Nf3 Nc6 3. Bc4 Nf6 4. Ng5 d5 5. exd5 Na5 6. b3 Nxd5 7. Bxd5 Qxd5 8.
O-O Bc5 9. Nc3 Qd6 10. Nge4 Qb6 11. Nxc5 Qxc5 12. Bb2 O-O 13. Re1 Nc6 14. Ne4
Qe7 15. d3 Bf5 16. Qc1 Rfe8 17. Qe3 Rad8 18. Rad1 Nd4 19. Rd2 b6 20. c3 Nc6 21.
b4 a6 22. a4 Nxb4 23. cxb4 Qxb4 24. Nc3 Rxd3 25. Rxd3 Bxd3 26. Qd2 Bg6 27. h3 a5
28. Bc1 f6 29. Nd5 Qxd2 30. Bxd2 Rd8 31. Ne7+ Kf7 32. Nxg6 Rxd2 33. Nh4 Ra2 34.
Re4 Ra1+ 35. Kh2 Rc1 36. Nf3 Ke6 37. h4 Kd5 38. Re2 Ra1 39. Rd2+ Kc6 40. Rc2+
Kb7 41. Rd2 Kc8 42. Rd5 Rxa4 43. Kg3 Ra3 44. Rd2 e4 {White resigns} 0-1

[Event "Team 45 45 League T41"]
[Site "Internet Chess Club"]
[Date "2009.05.16"]
[Round "3"]
[White "rayspokemon"]
[Black "KingOfHearts"]
[Result "1-0"]
[WhiteElo "1339"]
[BlackElo "1297"]
[Opening "King's pawn game"]
[ECO "C50"]
[Time "16:00:29"]
[TimeControl "2700+45"]

1. e4 e5 2. Nf3 Nc6 3. Bc4 d6 4. d3 h6 5. h3 Nf6 6. Nc3 Be7 7. Be3 a6 8. Nd5
Nxd5 9. Bxd5 Be6 10. Qe2 Qd7 11. Bxe6 Qxe6 12. O-O O-O 13. c3 b5 14. a3 Rfd8 15.
Rab1 d5 16. exd5 Rxd5 17. c4 bxc4 18. dxc4 Rd7 19. b4 Rad8 20. c5 e4 21. Nd2 Rd5
22. Qxa6 Rxd2 23. Bxd2 Rxd2 24. Rfd1 e3 25. fxe3 Qxe3+ 26. Kh1 Nd8 27. Rxd2 Qxd2
28. Qf1 Ne6 29. Qd1 Qf4 30. Qf3 Qxf3 31. gxf3 Bg5 32. a4 Nd4 33. Kg2 c6 34. a5
Bc1 35. Rxc1 Ne2 36. Ra1 Nd4 37. a6 Nb3 38. Ra3 Nd4 39. a7 Nb5 40. a8=Q+ Kh7
{Black resigns} 1-0

[Event "Team 45 45 League T41"]
[Site "Internet Chess Club"]
[Date "2009.05.17"]
[Round "3"]
[White "knight2f3"]
[Black "rayonline53"]
[Result "1-0"]
[WhiteElo "1499"]
[BlackElo "1542"]
[Opening "English: symmetrical, Benoni formation"]
[ECO "A31"]
[Time "14:30:13"]
[TimeControl "2700+45"]

1. d4 c5 2. Nf3 Nf6 3. c4 g6 4. Nc3 Bg7 5. b3 O-O 6. Bb2 cxd4 7. Nxd4 Nc6 8.
Nxc6 dxc6 9. e4 Nxe4 10. Qc2 Nxc3 11. Bxc3 Bf5 12. Qb2 Bxc3+ 13. Qxc3 Qc7 14.
Be2 Rad8 15. O-O Rd7 16. Qe3 b6 17. Rfe1 c5 18. Bf3 Be6 19. Rab1 Rfd8 20. Be4
Rd4 21. Re2 Bc8 22. Rbe1 e6 23. h4 Bb7 24. Bxb7 Qxb7 25. h5 Qc7 26. g3 Rd1 27.
Qg5 Rxe1+ 28. Rxe1 Kf8 29. Qf6 gxh5 30. Rxe6 Rd1+ 31. Kh2 {Black resigns} 1-0

[Event "Team 45 45 League T41"]
[Site "Internet Chess Club"]
[Date "2009.05.18"]
[Round "3"]
[White "NXS"]
[Black "Mutaant"]
[Result "0-1"]
[WhiteElo "1420"]
[BlackElo "1440"]
[Opening "Queen's pawn game, Chigorin variation"]
[ECO "A04"]
[Time "20:14:12"]
[TimeControl "2700+45"]

1. Nf3 Nc6 2. d4 d5 3. e3 Bg4 4. Nbd2 e6 5. c3 Bd6 6. Bd3 Qf6 7. Qc2 Nge7 8. e4
Bf4 9. e5 Qh6 10. g3 Bg5 11. Nxg5 Qxg5 12. h4 Qh5 13. f3 Bxf3 14. Rf1 Bg4 15.
Nb3 b6 16. Bg5 a6 17. Nd2 Bf5 18. Bxf5 Nxf5 19. Rxf5 Qg6 20. g4 exf5 21. gxf5
Qh5 22. f6 g6 23. Nf1 h6 24. Be3 Qxh4+ 25. Bf2 Qe4+ 26. Ne3 Qxc2 27. Nxc2 O-O-O
28. O-O-O h5 29. a3 Rde8 30. c4 dxc4 31. Ne3 b5 32. Nd5 g5 33. Bg3 h4 34. Bh2 g4
35. Bf4 Re6 36. Ne3 Rg8 37. Nf5 h3 38. d5 Rxe5 39. Bxe5 Rg5 40. Ne7+ Nxe7 41.
Bf4 Rxd5 42. fxe7 Rxd1+ 43. Kxd1 Kd7 44. Bxc7 Kxe7 45. Ke2 Ke6 46. Ke3 Kf5 47.
Bd6 Ke6 48. Bc7 a5 49. Kd4 Kd7 50. Bf4 Kc6 51. Be5 f5 52. Bf4 b4 53. axb4 axb4
54. Kxc4 b3 55. Kd4 Kb5 56. Bd6 Kc6 57. Bf4 Kb5 58. Bd6 Kc6 59. Bf4 Kb5 60. Kc3
Kc5 61. Kxb3 Kd4 62. Kc2 Ke4 63. Bh2 f4 64. b4 g3 65. Bxg3 fxg3 66. b5 h2 67. b6
h1=Q 68. b7 Qh8 69. Kd2 g2 70. Ke2 g1=Q 71. Kd2 Qe3+ 72. Kd1 Qh5+ 73. Kc2 Qhe2+
74. Kb1 Qg1# {White checkmated} 0-1

[Event "Team 45 45 League T41"]
[Site "Internet Chess Club"]
[Date "2009.05.18"]
[Round "3"]
[White "beerss"]
[Black "SeniorCitizen"]
[Result "1/2-1/2"]
[WhiteElo "1394"]
[BlackElo "1345"]
[Opening "Sicilian defense"]
[ECO "B44"]
[Time "09:00:39"]
[TimeControl "2700+45"]

1. e4 c5 2. Nf3 Nc6 3. d4 cxd4 4. Nxd4 e6 5. Nxc6 bxc6 6. Bc4 g6 7. O-O Bg7 8.
c3 Bb7 9. Bb3 Qc7 10. Nd2 Ne7 11. Re1 Rd8 12. Qe2 O-O 13. h3 d5 14. Nf3 Rd7 15.
Bg5 Re8 16. Bxe7 Rdxe7 17. e5 c5 18. Rad1 d4 19. cxd4 Bxf3 20. gxf3 cxd4 21.
Rxd4 Rd7 22. Rxd7 Qxd7 23. Qe3 Qc7 24. f4 Bf8 25. Rc1 Qb6 26. Qxb6 axb6 27. Kg2
Bc5 28. Ba4 Rd8 29. Rc2 Rd4 30. Bb5 Rxf4 31. f3 Rd4 32. a4 Rd5 33. Re2 Bb4 34.
b3 Rd2 35. Rxd2 Bxd2 36. Kf1 Kg7 37. Ke2 Ba5 38. Kd3 Bb4 39. Ke4 h6 40. Bc4 Kf8
41. Bd3 Ke7 42. Kd4 Bc5+ 43. Kc4 Kd7 44. b4 Be3 45. b5 g5 46. Be2 Ke7 47. Kd3
Bg1 48. Ke4 f6 49. exf6+ Kxf6 50. f4 gxf4 51. Kxf4 e5+ 52. Ke4 Ke6 53. Bg4+ Kd6
54. Kf5 Be3 55. Ke4 Bc5 56. h4 Bd4 57. h5 Kc5 58. Bd1 Kb4 59. Kd3 Kc5 60. Ke4
Kd6 {Game drawn by mutual agreement} 1/2-1/2

[Event "Team 45 45 League T41"]
[Site "Internet Chess Club"]
[Date "2009.05.18"]
[Round "3"]
[White "chips"]
[Black "seldredg"]
[Result "0-1"]
[WhiteElo "1172"]
[BlackElo "1440"]
[Opening "Polish (Sokolsky) opening"]
[ECO "A00"]
[Time "22:12:51"]
[TimeControl "2700+45"]

1. b4 e6 2. a3 g6 3. c3 Bg7 4. Nf3 Nf6 5. g3 b6 6. Bg2 Bb7 7. O-O Nc6 8. d4 Ne7
9. Be3 Rc8 10. Qc1 Nf5 11. Ne5 Bxg2 12. Kxg2 Nd5 13. Ng4 d6 14. Bh6 Nxh6 15.
Nxh6 f5 16. c4 Bxd4 17. Ra2 Ne7 18. Qg5 Rf8 19. Qd2 c5 20. b5 d5 21. cxd5 Nxd5
22. g4 Bf6 23. g5 Bxg5 {White resigns} 0-1

[Event "Team 45 45 League T41"]
[Site "Internet Chess Club"]
[Date "2009.05.22"]
[Round "3"]
[White "clarinetref"]
[Black "MaMi98"]
[Result "0-1"]
[WhiteElo "1707"]
[BlackElo "1693"]
[Opening "Réti: advance variation"]
[ECO "A09"]
[Time "16:02:49"]
[TimeControl "2700+45"]

1. Nf3 d5 2. c4 d4 3. b4 g6 4. Bb2 Bg7 5. g3 e5 6. d3 Ne7 7. Bg2 O-O 8. O-O Re8
9. Nbd2 Nd7 10. Re1 c5 11. a3 Rb8 12. bxc5 Nxc5 13. Nb3 b6 14. Qc2 Bd7 15. e3
dxe3 16. Rxe3 Nf5 17. Re2 Ba4 18. Bxe5 Nxb3 19. Bxg7 Nxg7 20. Rxe8+ Nxe8 21. Re1
Nc5 22. Qe2 Qxd3 23. Qe5 Rd8 24. Qe7 Qd7 25. Qh4 Kg7 26. Ng5 Nf6 27. Bd5 Rf8 28.
Qd4 Bc6 29. Nf3 Bxd5 30. cxd5 Qxd5 31. Qxd5 Nxd5 32. Re5 Rd8 33. Kf1 Rd7 34. Re2
Nc3 35. Rc2 Rd1+ 36. Kg2 Nb5 37. Ne5 Ra1 38. Rc4 Rxa3 39. Rf4 f5 40. g4 Ra4 41.
Rf3 Re4 42. Nc6 Rxg4+ 43. Kf1 Ra4 44. Re3 Ne4 45. f3 Ra3 46. Rxa3 Nxa3 47. fxe4
fxe4 48. Nxa7 b5 49. Nc6 Kf6 50. Ke2 Kf5 51. Ke3 Nc4+ 52. Kf2 Kf4 53. Nd4 b4 54.
Ne2+ Ke5 55. h3 b3 56. Nc3 Kd4 57. Ne2+ Kd3 58. Nc1+ Kc2 59. Nxb3 Kxb3 60. Ke2
Kc3 {White resigns} 0-1